 Dungeon Crawl Stone Soup version 0.28-a0-819-g6ef7baa362 (webtiles) character file.

Game seed: 5494768922653061978

7 croobank the Vexing (level 1, 0/7 HPs)
             Began as a Felid Enchanter on Nov 9, 2021.
             Killed from afar by an orc wizard (7 damage)
             ... with a magic dart
             ... on level 5 of the Dungeon.
             The game lasted 00:08:03 (832 turns).

croobank the Vexing (Felid Enchanter)                Turns: 832, Time: 00:08:04

Health: 0/7        AC:  1    Str:  4    XL:     1   Next: 83%
Magic:  4/4        EV: 17    Int: 28    God:
Gold:   42         SH:  0    Dex: 16    Spells: 4/4 levels left
                                        Lives:  0   Deaths: 0

rFire   . . .      SeeInvis +     - Unarmed
rCold   . . .      Faith    .   (shield unavailable)
rNeg    . . .      Spirit   .   (armour unavailable)
rPois   .          Reflect  .   (helmet unavailable)
rElec   .          Harm     .   (cloak unavailable)
rCorr   .          Rampage  .   (gloves unavailable)
Will    .....                   (boots unavailable)
Stlth   +.........              (no amulet)
HPRegen 0.02/turn               b - +6 ring of intelligence
MPRegen 0.09/turn               d - +6 ring of intelligence

@: confused, quick
A: very small, claws 1, fangs 3, see invisible, speed 1, shaggy fur 1, stealthy
paws, no weapons or thrown items, no armour, multi-lived
a: no special abilities


You were on level 5 of the Dungeon.
You visited 1 branch of the dungeon, and saw 4 of its levels.

You collected 42 gold pieces.

Inventory:

Magical Staves
 c - a staff of poison
Jewellery
 b - a +6 ring of intelligence (left paw)
 d - a +6 ring of intelligence (right paw)
Potions
 e - a potion of degeneration


   Skills:
 + Level 2.7 Dodging
 + Level 4.3 Stealth
 + Level 1.1 Unarmed Combat
 + Level 2.0 Spellcasting
 + Level 4.7 Hexes


You had 4 spell levels left.
You didn't know any spells.
Your spell library contained the following spells:

 Spells                   Type           Power      Damage    Failure   Level
 Confusing Touch          Hex            29%        N/A       4%          3
 Tukima's Dance           Hex            29%        N/A       4%          3
 Ensorcelled Hibernation  Hex/Ice        32%        N/A       5%          2
 Dazzling Flash           Conj/Hex       32%        N/A       11%         3


Dungeon Overview and Level Annotations

Branches:
Dungeon (3/15)

Altars:

Portals:
Sewer: D:5


Innate Abilities, Weirdness & Mutations

You have sharp claws.
You have razor-sharp teeth.
You have supernaturally acute eyesight. (SInv)
You cover ground quickly. (Speed+)
You are covered in fur. (AC +1)
Your paws help you pounce on unaware monsters.
You are incapable of wielding weapons or throwing items.
You cannot wear armour.
You gain extra lives every three experience levels.


Message History

e - a potion of degeneration You open the door.
There is an open door here.
A bat comes into view.
Found a stone staircase leading up.
You fall into a shaft and drop 2 floors!
The shaft crumbles and collapses.
You hear the sound of rushing water.
There is an entrance to a sewer on this level.
Hurry and find it before the portal rusts away!
An orc wizard comes into view. It is wielding a +0 dagger.
The orc wizard shouts!
Found a fizzy coppery potion.
Found a stone staircase leading down.
You see here a +0 leather armour.
Okay, then.
A ball python and a river rat come into view.
Found a glowing drain.
The river rat closely misses you.
You barely miss the river rat. The river rat misses you.
An adder comes into view.
The adder hisses angrily.
You scratch the river rat.
The river rat is lightly wounded.
The river rat closely misses you.
You barely miss the river rat.
The river rat is lightly wounded.
The river rat misses you.
The orc wizard gestures at you while chanting.
You are confused.
An orc comes into view.
It is wielding a +1 short sword of flaming.
An orc comes into view. It is wielding a +0 dagger.
The orc moves out of view.
The orc shouts!
The river rat barely misses you.
The ball python hisses angrily.
The adder misses you.
Found a bubbling silvery potion.
The adder misses you. The orc wizard casts a spell at you.
The magic dart hits you!
Ouch! That really hurt!
You die...

#.. #.≈≈....
#..###.≈≈.≈..
##...##.≈≈S.∩.
..#...[.#≈≈≈....
...........≈≈.....
.o........S##≈≈≈≈≈
!.....o..r.##≈≈≈≈≈
....o....S........
......>..@########
###..........#
#.......##...!#
##....... ##..
##...... ###...#.
##.... #..###


You could see an orc wizard, an adder, a river rat, an orc and a ball python.

Vanquished Creatures
  An endoplasm (D:1)
  2 goblins
  A frilled lizard (D:1)
  3 rats
7 creatures vanquished.

Notes
Turn   | Place    | Note
-------+----------+-------------------------------------------
     0 | D:1      | croobank the Felid Enchanter began the quest for the Orb.
     0 | D:1      | Reached XP level 1. HP: 7/7 MP: 4/4
   822 | D:3      | You fall into a shaft and drop 2 floors!
   822 | D:5      | Entered Level 5 of the Dungeon
   822 | D:5      | Noticed an orc wizard
   823 | D:5      | Found a glowing drain.
   832 | D:5      | Killed from afar by an orc wizard

Illustrated notes

Levels and vault maps discovered:
D:1:      nicolae_arrival_somewhat_less_tricky_arrival, layout_loops_ring,
          dreamdust_ecumenical_altar_drowned_temple, nrook_mini_backslash,
          minmay_shallow_snake_nest
D:2:      minmay_wonky_spiral, layout_loops_ring, serial_park_tiny_pond,
          hex_medium
D:3:      layout_basic, serial_shops, nicolae_shop_trees, minmay_puff
D:5:      layout_rooms, minmay_temple_entry_mist, cheibrodos_sewer_entry_sluice,
          gammafunk_ghost_smash, serial_corexii_hall, corexii_hall_statues_u,
          corexii_hall_statues_t

Action                   || total
-------------------------++-------
Melee: Unarmed           ||    33
       Bite              ||     4
  Use: Scroll            ||     2
       Potion            ||     2
 Stab: Invisible         ||     1
       Sleeping          ||     1
Armor: Skin              ||     1
Dodge: Dodged            ||    36

Table legend: (Time is in decaauts)
 A = Elapsed time spent in this place.
 B = Non-inter-level travel time spent in this place.
 C = Inter-level travel time spent in this place.
 D = Time resting spent in this place.
 E = Time spent auto-exploring this place.
 F = Levels seen in this place.
 G = Mean time per level.
                   A        B        C        D        E       F      G
               +--------+--------+--------+--------+--------+-----+--------+
         Total |    752 |    752 |      0 |    211 |    236 |   4 |  188.0 |
       Dungeon |    752 |    752 |      0 |    211 |    236 |   4 |  188.0 |
               +--------+--------+--------+--------+--------+-----+--------+

Top non-repeatable levels by time:
     D:1: 351 daAuts
     D:3: 280 daAuts
     D:2: 112 daAuts
     D:5: 8 daAuts
